 Dungeon Crawl Stone Soup version 0.25.0-9-g26727b657a (webtiles) character file.

Game seed: 13027449671472330728

66 Delamore the Cudgeler (level 4, -9/28 HPs)
             Began as a Gargoyle Fighter on June 19, 2020.
             Was an Initiate of Ru.
             Killed by divine providence
             ... invoked by an orc priest
              (12 damage)
             ... on level 3 of the Dungeon.
             The game lasted 00:02:19 (2121 turns).

Delamore the Cudgeler (Gargoyle Fighter)            Turns: 2121, Time: 00:02:20

Health: -9/28      AC: 11    Str: 21    XL:     4   Next: 15%
Magic:  4/4        EV:  7    Int: 14    God:    Ru [......]
Gold:   137        SH:  9    Dex:  9    Spells: 3/3 levels left

rFire    . . .     SeeInvis .   a - +0 flail
rCold    . . .     Gourm    .   c - +0 kite shield
rNeg     + . .     Faith    .   b - +0 scale mail
rPois    ∞         Spirit   .   (no helmet)
rElec    +         Reflect  .   u - +0 cloak
rCorr    .         Harm     .   (no gloves)
MR       .....                  (no boots)
Stlth    ..........             (no amulet)
HPRegen  0.09/turn              i - +6 ring of intelligence
MPRegen  0.09/turn              (no ring)

@: no status effects
A: negative energy resistance 1, electricity resistance, unbreathing,
petrification resistance, rot immunity, AC +3
a: Sacrifice a Hand, Sacrifice Skill, Sacrifice Durability, Reject Sacrifices,
Renounce Religion


You were on level 3 of the Dungeon.
You worshipped Ru.
Ru was noncommittal.
You were not hungry.

You visited 1 branch of the dungeon, and saw 3 of its levels.

You collected 137 gold pieces.

Inventory:

Hand Weapons
 a - a +0 flail (weapon)
Armour
 b - a +0 scale mail (worn)
 c - a +0 kite shield (worn)
 u - a +0 cloak (worn)
Jewellery
 i - a +6 ring of intelligence (left hand)
 n - an uncursed ring of positive energy {unknown}
Wands
 o - a wand of disintegration (17)
Scrolls
 k - 4 scrolls of teleportation {unknown}
 m - 3 scrolls of identify {unknown}
 p - a scroll of random uselessness {unknown}
 q - 2 scrolls of enchant armour {unknown}
 t - a scroll of blinking {unknown}
Potions
 d - 2 potions of might
 e - 2 potions of curing {unknown}
 g - 3 potions of heal wounds {unknown}
 h - a potion of haste {unknown}
 j - a potion of berserk rage {unknown}
 l - a potion of flight {unknown}
 r - 2 potions of resistance {unknown}
 s - a potion of mutation {unknown}
Comestibles
 f - 6 rations
 v - 2 chunks of flesh


   Skills:
 - Level 3.2 Fighting
 + Level 4.3 Maces & Flails
 - Level 3.2 Armour
 - Level 3.2 Shields


You had 3 spell levels left.
You didn't know any spells.
Your spell library was empty.

Dungeon Overview and Level Annotations

Branches:
Dungeon (3/15)

Altars:
Ru


Innate Abilities, Weirdness & Mutations

You are resistant to torment.
Your stone body is resilient. (AC +3)
You are immune to poison.
You resist negative energy. (rN+)
You are resistant to electric shocks. (rElec)
You can survive without breathing.
You are immune to petrification.
You are immune to rotting.


Message History

The orc priest is moderately wounded.
The orc priest hits you but does no damage.
You barely miss the orc priest.
The orc priest begins to cast a cantrip, but forgets the words!
The orc priest hits you but does no damage.
You hit the orc priest.
The orc priest is lightly wounded.
The orc priest hits you but does no damage.
You block the orc priest's attack.
You hit the orc priest.
The orc priest is lightly wounded.
The orc priest hits you but does no damage. x2
The orc priest invokes the aid of Beogh against you.
Beogh smites you!
* * * LOW HITPOINT WARNING * * *
You closely miss the orc priest.
The orc priest is lightly wounded.
The orc priest calls down the wrath of Beogh upon you.
Beogh smites you!
You die...

### #.. # ##.# .#
#... ..# #..# ...
#..# .. ####+##
#.o#.##...
#.....##.###.@oo.....
#.....##.....##.##.#.
#.....######.##..# #
+..........?...(.# #
#......########..# #
######.#...... .# #
#...### # # ##....#
##########.##.###


You could see 2 orc priests and an orc wizard.

Vanquished Creatures
  2 adders (D:2)
  5 leopard geckos
  An orc (D:3)
  6 bats
  A giant cockroach (D:3)
  5 goblins (D:2)
  6 hobgoblins
  2 jackals (D:1)
  5 frilled lizards
  5 kobolds
  5 rats
43 creatures vanquished.

Notes
Turn   | Place    | Note
-------+----------+-------------------------------------------
     0 | D:1      | Delamore the Gargoyle Fighter began the quest for the Orb.
     0 | D:1      | Reached XP level 1. HP: 14/14 MP: 1/1
   476 | D:1      | Reached XP level 2. HP: 19/19 MP: 2/2
   594 | D:1      | Reached skill level 3 in Maces & Flails
   860 | D:2      | Reached XP level 3. HP: 15/23 MP: 3/3
  1348 | D:2      | Reached skill level 4 in Maces & Flails
  1595 | D:2      | Found a faded altar of an unknown god.
  1792 | D:2      | Became a worshipper of Ru the Awakened
  1865 | D:3      | Reached XP level 4. HP: 28/28 MP: 4/4
  2121 | D:3      | Killed from afar by an orc priest

Illustrated notes

Levels and vault maps discovered:
D:1:      dpeg_arrival_more_subterranean_lakeside_camping, layout_basic
D:2:      layout_basic, chequers_ecumenical_altar_twisty
D:3:      layout_basic

Skill      XL: |  1  2  3 |
---------------+----------+-----
Maces & Flails | 3 4 |  4.3
Fighting       | |  3.2
Armour         | |  3.2
Shields        | |  3.2

Action                   |  1- 3 |  4- 6 || total
-------------------------+-------+-------++-------
Melee: Flail             |   165 |    28 ||   193
  Eat: Chunk             |     3 |     1 ||     4
Armor: Scale mail        |   111 |    19 ||   130
Dodge: Dodged            |    84 |     5 ||    89
Block: Kite shield       |   122 |    13 ||   135
